 Dungeon Crawl Stone Soup version 0.22.0-38-g04b72b8 (webtiles) character file.

30998 Tarasboulda the Carver (level 13, 0/107 HPs)
             Began as a Demonspawn Gladiator on Aug 28, 2018.
             Was a Follower of Uskayaw.
             Slain by a dire flail of draining (4 damage)
             ... on level 1 of the Elven Halls on Aug 29, 2018.
             The game lasted 02:25:53 (19128 turns).

Tarasboulda the Carver (Demonspawn Gladiator)      Turns: 19128, Time: 02:25:54

Health: 0/107      AC: 14    Str: 21    XL:     13   Next: 23%
Magic:  0/20       EV: 14    Int:  9    God:    Uskayaw [*.....]
Gold:   1302       SH:  0    Dex: 17    Spells: 12/12 levels left

rFire    . . .     SeeInvis .   v - +3 scimitar (protect)
rCold    . . .     Gourm    .   (no shield)
rNeg     . . .     Faith    .   D - +0 troll leather armour
rPois    .         Spirit   +   (helmet restricted)
rElec    .         Reflect  .   y - scarf {repulsion}
rCorr    +         Harm     .   U - +1 pair of gloves
MR       .....     Clarity  +   w - +0 pair of boots
Stlth    +.........             K - amulet of guardian spirit
HPRegen  0.67/turn              o - +3 ring of protection
MPRegen  0.17/turn              h - +5 ring of strength

@: extremely drained, repel missiles
A: horns 2, yellow scales 3, clarity, clumsy 1, powered by death 3, wild magic
1, rot immunity
a: Stomp, Renounce Religion


You were on level 1 of the Elven Halls.
You worshipped Uskayaw.
Uskayaw was aware of your devotion.
You were not hungry.

You visited 5 branches of the dungeon, and saw 20 of its levels.
You also visited: Sewer and Bailey.

You collected 1988 gold pieces.
You spent 686 gold pieces at shops.

Inventory:

Hand Weapons
 c - a +0 rapier
 d - a +0 scythe
 t - a +0 blowgun
 v - a +3 scimitar of protection (weapon)
 J - a +1 long sword of venom
 M - a +0 great sword
 R - a +2 whip of flaming
Missiles
 a - a curare-tipped needle
 p - 6 needles of sleeping
 u - 35 poisoned needles
 G - 4 needles of paralysis
 N - a tomahawk of dispersal (quivered)
Armour
 b - a +2 robe of cold resistance
 i - a +1 scale mail of fire resistance
 w - a +0 pair of boots (worn)
 y - a scarf of repulsion (worn)
 D - a +0 troll leather armour (worn)
 U - a +1 pair of gloves (worn)
Jewellery
 h - a +5 ring of strength (right hand)
 m - an uncursed ring of flight
 o - a +3 ring of protection (left hand)
 C - an uncursed ring of ice
 K - an amulet of guardian spirit (around neck)
 W - an uncursed ring of see invisible {unknown}
Wands
 s - a wand of iceblast (24)
 F - a wand of polymorph (12)
 I - a wand of clouds (4)
 X - a wand of flame (11)
Scrolls
 e - a scroll of summoning
 l - 2 scrolls of identify
 q - a scroll of brand weapon {unknown}
 x - 2 scrolls of fear {unknown}
 z - 5 scrolls of remove curse
 B - 3 scrolls of teleportation
 E - a scroll of silence {unknown}
 P - 3 scrolls of magic mapping
 T - a scroll of fog
Potions
 j - a potion of agility
 n - 2 potions of magic
 r - 4 potions of curing
 L - 3 potions of lignification
 O - a potion of brilliance
 Q - 2 potions of cancellation
 Y - a potion of flight
Miscellaneous
 k - a phial of floods
 A - a phantom mirror
 H - a lightning rod (4/4)
Comestibles
 f - 15 rations


   Skills:
 + Level 11.8(5.3) Fighting
 + Level 2.0(3.2) Short Blades
 * Level 13.6(6.9) Long Blades
 - Level 2.9(0.0) Throwing
 + Level 10.1(3.9) Dodging
   Level 0.6(0.0) Shields
 + Level 9.4(3.3) Invocations


You had 12 spell levels left.
You didn't know any spells.
Your spell library contained the following spells:

 Spells                   Type           Power        Failure   Level  Hunger
 Animate Skeleton         Necr           N/A          52%         1    ##.....
 Corona                   Hex            #......      52%         1    ##.....
 Pain                     Necr           #...         52%         1    ##.....
 Poisonous Vapours        Pois/Air       #.....       65%         2    ###....
 Slow                     Hex            #.......     65%         2    ###....
 Conjure Flame            Conj/Fire      #.......     86%         3    ####...
 Inner Flame              Hex/Fire       #.......     86%         3    ####...
 Mephitic Cloud           Conj/Pois/Air  #.......     86%         3    ####...
 Portal Projectile        Hex/Tloc       #.....       86%         3    ####...
 Regeneration             Chrm/Necr      #.........   86%         3    ####...
 Vampiric Draining        Necr           #.........   86%         3    ####...
 Animate Dead             Necr           N/A          99%         4    #####..
 Cause Fear               Hex            #.........   99%         4    #####..
 Leda's Liquefaction      Hex/Erth       #.........   99%         4    #####..
 Bolt of Magma            Conj/Fire/Erth #.........   100%        5    ######.
 Iskenderun's Battlesphe  Conj/Chrm      #.......     100%        5    ######.
 Venom Bolt               Conj/Pois      #.........   100%        5    ######.
 Freezing Cloud           Conj/Ice/Air   #.........   100%        6    #######
 Iron Shot                Conj/Erth      #.........   100%        6    #######
 Orb of Destruction       Conj           #.........   100%        7    #######
 Ring of Flames           Chrm/Fire      #.........   100%        7    #######
 Spellforged Servitor     Conj/Summ      #.........   100%        7    #######


Dungeon Overview and Level Annotations

Branches:
Dungeon (12/15)            Temple (1/1) D:5            Lair (4/6) D:11
  Swamp (0/4) Lair:4       Spider (0/4) Lair:4          Orc (2/2) D:10
    Elf (1/3) Orc:2

Altars:
Ashenzari
Cheibriados
Dithmenos
Elyvilon
Fedhas
Gozag
Hepliaklqana
Kikubaaqudgha
Makhleb
Nemelex Xobeh
Okawaru
Qazlal
Ru
Sif Muna
Trog
Uskayaw
Vehumet
Wu Jian
Xom
Yredelemnul
Zin
The Shining One
Beogh

Shops:
D:7 [   D:8 %%   Orc:1 }   Orc:2 ?([*}

Annotations:
D:4 Sigmund
D:10 4 runed doors


Innate Abilities, Weirdness & Mutations

You have a pair of horns on your head.
You are completely covered in yellow scales. (AC +4, rCorr)
You regenerate a lot of health from kills.
You are immune to rotting.
You possess an exceptional clarity of mind.
You are clumsy. (Dex -2)
Your spells are a little harder to cast, but a little more powerful.


Message History

You see here an arrow.
The deep elf mage mumbles some strange words.
The deep elf mage blinks!
The dire flail of draining barely misses you.
You can no longer pass through a line of other dancers.
You see here a scimitar of draining.
The dire flail of draining hits you!!
* * * LOW HITPOINT WARNING * * *
You feel drained.
* * * LOW HITPOINT WARNING * * *
You feel much better. The dire flail of draining hits you!!
* * * LOW HITPOINT WARNING * * *
You feel drained.
* * * LOW HITPOINT WARNING * * *
The dire flail of draining hits you but does no damage.
You feel drained.
You feel much better. The dire flail of draining hits you!!
* * * LOW HITPOINT WARNING * * *
You feel drained.
You die...

#####
#...#####
.... #..^....
.ee.
#....######
#.e_.
#.<...@(e.#
e...
#...#####e###
.#E #####
#.e.#####.#
###.e.#...#
###..(# #####


You could see a deep elf knight, a deep elf mage and a dire flail of draining.

Vanquished Creatures
  An orc warlord (Orc:2)
  Fannar (D:10)
  A dancing weapon (Elf:1)
  2 orc high priests (Orc:2)
  Pikel (D:11)
  6 orc sorcerers
  2 orc knights (Orc:2)
  A manticore (D:9)
  2 black mambas (Lair:4)
  A gargoyle (D:11)
  5 komodo dragons
  5 spiny frogs
  A demonic crawler (Lair:4)
  A rime drake (Lair:1)
  4 trolls
  2 tyrant leeches (Lair:4)
  A hornet (D:10)
  5 hippogriffs
  A wyvern (D:9)
  A water elemental (Elf:1)
  12 yaks
  A basilisk (Lair:1)
  3 hungry ghosts (D:10)
  2 wargs
  A water moccasin (Lair:4)
  11 porcupines
  3 sky beasts
  29 orc warriors
  2 ice beasts
  3 black bears
  4 slaves
  3 phantoms
  12 ogres
  3 wolves (Lair:4)
  2 centaurs (D:10)
  9 crocodiles
  8 gnoll sergeants (Bailey)
  10 bullfrogs
  A wyvern skeleton (D:11)
  A water moccasin zombie (D:8)
  2 scorpions
  11 killer bees
  3 howler monkeys (D:9)
  3 electric eels
  5 wights (D:9)
  5 crimson imps
  A bullfrog zombie (D:8)
  A quasit (D:10)
  3 centaur skeletons
  22 orc wizards
  17 orc priests
  6 gnoll shamans (Bailey)
  10 hounds
  4 jellies
  A bullfrog skeleton (D:4)
  Jessica (D:2)
  4 iguanas
  Natasha (thrice) (D:4)
  10 worker ants
  A hound zombie (D:10)
  4 worker ant zombies
  14 gnolls (Bailey)
  4 howler monkey skeletons
  9 adders
  2 shadow imps
  10 oozes
  An adder zombie (D:9)
  An adder skeleton (D:4)
  8 worms
  9 leopard geckos
  116 orcs
  12 ball pythons
  18 giant cockroaches
  14 goblins
  7 hobgoblins
  13 jackals
  8 kobolds
  3 quokkas
  10 bats
  15 frilled lizards
  A giant cockroach zombie (D:5)
  A leopard gecko skeleton (D:7)
  A quokka skeleton (D:6)
  4 rats
  A fungus (Lair:2)
563 creatures vanquished.

Vanquished Creatures (others)
  An orc wizard (Orc:1)
  An orc (D:10)
  A plant (Lair:2)
3 creatures vanquished.

Grand Total: 566 creatures vanquished

Notes
Turn   | Place    | Note
-------+----------+-------------------------------------------
     0 | D:1      | Tarasboulda the Demonspawn Gladiator began the quest for the Orb.
     0 | D:1      | Reached XP level 1. HP: 16/16 MP: 1/1
   115 | D:1      | Reached skill level 3 in Long Blades
   115 | D:1      | Gained mutation: You regenerate a little health from kills. [demonic ancestry]
   115 | D:1      | Reached XP level 2. HP: 20/22 MP: 2/2
   485 | D:1      | Reached XP level 3. HP: 27/28 MP: 3/3
   895 | D:2      | Found a shimmering altar of Xom.
  1021 | D:2      | Noticed Jessica
  1037 | D:2      | Killed Jessica
  1037 | D:2      | Gained mutation: You are immune to rotting. [demonic ancestry]
  1037 | D:2      | Reached XP level 4. HP: 11/34 MP: 4/4
  1897 | D:3      | Reached skill level 4 in Long Blades
  1897 | D:3      | Gained mutation: You regenerate health from kills. [demonic ancestry]
  1897 | D:3      | Reached XP level 5. HP: 38/40 MP: 5/5
  2580 | D:4      | Noticed Natasha
  2593 | D:4      | Killed Natasha
  2593 | D:4      | Gained mutation: You are partially covered in yellow scales. (AC +2) [demonic ancestry]
  2593 | D:4      | Reached XP level 6. HP: 47/47 MP: 6/6
  2730 | D:4      | Noticed Natasha
  2742 | D:4      | Killed Natasha
  2891 | D:4      | Noticed Natasha
  2900 | D:4      | Killed Natasha
  3027 | D:4      | Noticed Sigmund
  3272 | D:4      | Noticed a hungry ghost
  3298 | D:5      | Entered Level 5 of the Dungeon
  3322 | D:5      | Found a staircase to the Ecumenical Temple.
  3332 | D:5      | Reached skill level 5 in Long Blades
  3402 | D:5      | Reached XP level 7. HP: 53/53 MP: 7/7
  3491 | D:5      | Found a glowing drain.
  3531 | Sewer    | Entered a sewer
  3872 | Sewer    | Reached skill level 6 in Long Blades
  4108 | Temple   | Entered the Ecumenical Temple
  4360 | Temple   | Became a worshipper of Uskayaw the Reveler
  4406 | D:5      | Reached * piety under Uskayaw
  4409 | D:5      | Reached ** piety under Uskayaw
  4726 | D:6      | Found a sparkling altar of Nemelex Xobeh.
  4799 | D:6      | Reached *** piety under Uskayaw
  4800 | D:6      | Gained mutation: You have a pair of small horns on your head. [demonic ancestry]
  4800 | D:6      | Reached XP level 8. HP: 61/61 MP: 8/8
  5001 | D:6      | Reached skill level 5 in Fighting
  5113 | D:6      | Reached skill level 5 in Dodging
  5298 | D:6      | Reached skill level 7 in Long Blades
  5553 | D:7      | Found a flagged portal.
  5563 | Bailey   | Entered a bailey
  5573 | Bailey   | Reached **** piety under Uskayaw
  6007 | Bailey   | Reached skill level 10 in Long Blades
  6007 | Bailey   | Gained mutation: You regenerate a lot of health from kills. [demonic ancestry]
  6007 | Bailey   | Reached XP level 9. HP: 76/76 MP: 9/9
  6686 | D:7      | Reached XP level 10. HP: 83/83 MP: 10/10
  6709 | D:7      | Found Leurpheu's Antique Armour Shoppe.
  7493 | D:8      | Noticed a two-headed ogre
  7541 | D:8      | Found Novuh's Food Shoppe.
  7594 | D:8      | Reached skill level 1 in Invocations
  7832 | D:8      | Found Qivvehe's Food Shoppe.
  8071 | D:8      | Found a sparkling altar of Nemelex Xobeh.
  8460 | D:8      | Found a glowing golden altar of the Shining One.
  8536 | D:9      | Found a bloodstained altar of Trog.
  8536 | D:9      | Found a basalt altar of Yredelemnul.
  8954 | D:9      | Reached ***** piety under Uskayaw
  8963 | D:9      | Reached skill level 10 in Fighting
  8963 | D:9      | Reached skill level 11 in Long Blades
  9132 | D:9      | Noticed a manticore
  9162 | D:9      | Killed a manticore
  9853 | D:10     | Entered Level 10 of the Dungeon
  9948 | D:10     | Gained mutation: You are mostly covered in yellow scales. (AC +3) [demonic ancestry]
  9948 | D:10     | Reached XP level 11. HP: 90/90 MP: 9/13
 10018 | D:10     | Noticed Fannar
 10271 | D:10     | Found a staircase to the Orcish Mines.
 10348 | D:10     | Found a huge runed gate.
 10349 | D:10     | Found a huge runed gate.
 10349 | D:10     | Found a huge runed gate.
 10349 | D:10     | Found a huge runed gate.
 10349 | D:10     | Noticed a death yak
 10350 | D:10     | Noticed a death yak
 10700 | D:10     | Killed Fannar
 10848 | D:10     | Got a distressingly furry leather armour
 11045 | D:10     | Reached skill level 5 in Invocations
 11313 | D:11     | Noticed a six-headed hydra
 11344 | Orc:1    | Entered Level 1 of the Orcish Mines
 11349 | Orc:1    | Noticed an orc sorcerer
 11679 | Orc:1    | Noticed a sun demon
 11696 | Orc:1    | Killed an orc sorcerer
 11966 | Orc:2    | Entered Level 2 of the Orcish Mines
 12092 | Orc:2    | Found a roughly hewn altar of Beogh.
 12181 | Orc:2    | Noticed an orc sorcerer
 12198 | Orc:2    | Killed an orc sorcerer
 12201 | Orc:2    | Found Seaxuxy's Assorted Antiques.
 12387 | Orc:2    | Found a roughly hewn altar of Beogh.
 12652 | Orc:2    | Noticed an orc high priest
 12668 | Orc:2    | Killed an orc high priest
 12668 | Orc:2    | Reached skill level 12 in Long Blades
 12677 | Orc:2    | Noticed an orc knight
 12700 | Orc:2    | Killed an orc knight
 12714 | Orc:2    | Noticed an orc high priest
 12717 | Orc:2    | Noticed a soul eater
 12726 | Orc:2    | Killed an orc high priest
 12731 | Orc:2    | Noticed an orc sorcerer
 12734 | Orc:2    | Noticed an orc sorcerer
 12743 | Orc:2    | Paralysed by an orc sorcerer for 3 turns
 12752 | Orc:2    | Killed an orc sorcerer
 12757 | Orc:2    | Killed an orc sorcerer
 12757 | Orc:2    | Gained mutation: You have a pair of horns on your head. [demonic ancestry]
 12757 | Orc:2    | Reached XP level 12. HP: 99/99 MP: 3/17
 12763 | Orc:2    | Noticed an orc warlord
 12780 | Orc:2    | Reached ****** piety under Uskayaw
 12785 | Orc:2    | Killed an orc warlord
 12797 | Orc:2    | Found Dumpa's Antique Weapon Shoppe.
 12808 | Orc:2    | Found Zinor's Antique Armour Emporium.
 12809 | Orc:2    | Found a roughly hewn altar of Beogh.
 12880 | Orc:2    | Found a staircase to the Elven Halls.
 12953 | Orc:2    | Found a roughly hewn altar of Beogh.
 12964 | Orc:2    | Found Qurrixta's Magic Scroll Shoppe.
 12987 | Orc:2    | Bought a scroll of teleportation for 42 gold pieces
 12987 | Orc:2    | Bought a scroll of identify for 28 gold pieces
 12987 | Orc:2    | Bought a scroll of identify for 28 gold pieces
 12987 | Orc:2    | Bought a scroll of identify for 28 gold pieces
 13128 | Orc:2    | Found a roughly hewn altar of Beogh.
 13242 | Orc:2    | Found Vojych's Gadget Shop.
 13656 | Orc:2    | Bought a lightning rod (4/4) for 560 gold pieces
 13928 | Orc:1    | Found Wygiv's Gadget Boutique.
 14494 | D:11     | Noticed Pikel
 14506 | D:11     | Killed Pikel
 14511 | D:11     | Found a staircase to the Lair.
 14560 | D:11     | Reached skill level 13 in Long Blades
 15044 | Lair:1   | Entered Level 1 of the Lair of Beasts
 15916 | Lair:2   | Noticed a seven-headed hydra
 16099 | Lair:2   | Gained mutation: You are clumsy. (Dex -2) [potion of mutation]
 16099 | Lair:2   | Gained mutation: Your spells are a little harder to cast, but a little more powerful. [potion of mutation]
 16099 | Lair:2   | Gained mutation: You possess an exceptional clarity of mind. [potion of mutation]
 17193 | Lair:3   | Noticed an eight-headed hydra
 17640 | Lair:4   | Reached skill level 10 in Dodging
 17640 | Lair:4   | Gained mutation: You are completely covered in yellow scales. (AC +4, rCorr) [demonic ancestry]
 17640 | Lair:4   | Reached XP level 13. HP: 107/107 MP: 19/19
 17694 | Lair:4   | Reached skill level 1 in Short Blades
 17831 | Lair:4   | Found a staircase to the Swamp.
 17974 | Lair:4   | Found a hole to the Spider Nest.
 19071 | Elf:1    | Entered Level 1 of the Elven Halls
 19099 | Elf:1    | Found a radiant altar of Vehumet.
 19127 | Elf:1    | HP: 3/107 [dire flail of draining (4)]
 19128 | Elf:1    | Slain by a dire flail of draining

Skill      XL: |  1  2  3  4  5  6  7  8  9 10 11 12 13 |
---------------+----------------------------------------+-----
Long Blades    | 3 4 5 6 10 11 12 13 | 13.6
Throwing       | 2 |  2.9
Dodging        | 3 4 7 8 9 10 | 10.1
Fighting       | 3 4 9 10 11 | 11.8
Invocations    | 3 6 9 |  9.4
Short Blades   | 2 |  2.0
Shields        | |  0.6

Action                   |  1- 3 |  4- 6 |  7- 9 | 10-12 | 13-15 || total
-------------------------+-------+-------+-------+-------+-------++-------
Melee: Long sword        |   150 |   207 |     6 |       |       ||   363
       Falchion          |       |       |   508 |   952 |       ||  1460
       Headbutt          |       |       |    84 |   453 |    32 ||   569
       Scimitar          |       |       |       |   502 |   102 ||   604
       Rapier            |       |       |       |     2 |       ||     2
 Fire: Blowgun           |       |     7 |    11 |     7 |     6 ||    31
Throw: Throwing net      |       |       |     5 |     4 |       ||     9
       Tomahawk          |       |       |       |     3 |       ||     3
Invok: Stomp             |       |       |     4 |     1 |       ||     5
       Line Pass         |       |       |     2 |     2 |       ||     4
       Grand Finale      |       |       |       |     2 |       ||     2
Evoke: Wand              |       |       |     8 |    13 |       ||    21
  Use: Scroll            |     1 |     7 |     2 |    13 |     1 ||    24
       Potion            |       |       |    10 |     5 |     4 ||    19
 Stab: Sleeping          |       |     2 |     1 |     7 |     1 ||    11
       Paralysed         |       |       |     6 |    64 |    11 ||    81
       Invisible         |       |       |     9 |       |       ||     9
       Confused          |       |       |     1 |     1 |       ||     2
       Held in net/web   |       |       |       |     4 |       ||     4
       Distracted        |       |       |       |     1 |       ||     1
  Eat: Ration            |       |     1 |     2 |     4 |     1 ||     8
       Chunk             |       |     5 |     6 |    32 |     2 ||    45
Armor: Leather armour    |    41 |    62 |   161 |    16 |       ||   280
       Ring mail         |       |       |       |   191 |       ||   191
       Troll leather arm |       |       |       |   167 |    35 ||   202
Dodge: Dodged            |    87 |   151 |   455 |   903 |   120 ||  1716
       Deflected         |       |     1 |       |    13 |     2 ||    16
Block: Shield            |    24 |       |       |       |       ||    24
       Rpst.: Long sword |    22 |    46 |       |       |       ||    68
       Falchion          |       |       |   110 |   164 |       ||   274
       Scimitar          |       |       |       |   112 |    21 ||   133
